 Dungeon Crawl Stone Soup version 0.20-a0-556-g892c87b (webtiles) character file.

25 Alarkh the Magician (level 2, 0/19 HPs)
             Began as a Mummy Conjurer on Feb 4, 2017.
             Slain by an adder (4 damage)
             ... on level 2 of the Dungeon.
             The game lasted 00:00:58 (876 turns).

Alarkh the Magician (Mummy Conjurer)                 Turns: 876, Time: 00:00:59

Health: 0/19       AC:  3    Str: 11    XL:     2   Next: 82%
Magic:  0/6        EV: 12    Int: 14    God:
Gold:   70         SH:  0    Dex: 10    Spells: 7/8 levels left

rFire    x . .     SeeInvis .   d - +0 dagger
rCold    + . .     Gourm    .   a - +0 robe
rNeg     + + +     Faith    .   (no shield)
rPois    ∞         Spirit   .   (no helmet)
rElec    .         Reflect  .   f - +0 cloak
rCorr    .         Harm     .   (no gloves)
MR       .....                  (no boots)
Stlth    ++........             (no amulet)
Regen    0.1/turn               (no ring)
                                c - -2 ring of dexterity (curse)

@: very slightly contaminated
A: no food or potions, fire vulnerability, cold resistance 1, negative energy
resistance 3, torment resistance, unbreathing
a: no special abilities


You were on level 2 of the Dungeon.
You were not hungry.

You visited 1 branch of the dungeon, and saw 2 of its levels.

You collected 70 gold pieces.

Inventory:

Hand Weapons
 d - a +0 dagger (weapon)
Armour
 a - a +0 robe (worn)
 f - a +0 cloak (worn)
Jewellery
 c - a cursed -2 ring of dexterity (left hand)
Scrolls
 e - a scroll of identify {unknown}
Books
 b - a book of Conjurations

   Spells                             Type                      Level
   a - Magic Dart                     Conjuration                  1
   b - Searing Ray                    Conjuration                  2
   c - Dazzling Spray                 Conjuration/Hexes            3
   d - Fulminant Prism                Conjuration/Hexes            4
   e - Iskenderun's Mystic Blast      Conjuration                  4
   f - Iskenderun's Battlesphere      Conjuration/Charms           5


   Skills:
 - Level 1.5 Dodging
 - Level 1.5 Stealth
 + Level 3.6 Spellcasting
 + Level 3.6 Conjurations


You had 7 spell levels left.
You knew the following spells:

 Your Spells              Type           Power        Failure   Level  Hunger
a - Magic Dart            Conj           ##..         4%          1    N/A

Dungeon Overview and Level Annotations

Branches:
Dungeon (2/15)

Altars:
Dithmenos
Sif Muna
Yredelemnul


Innate Abilities, Weirdness & Mutations

You do not eat or drink.
Your flesh is vulnerable to fire.
You are immune to poison.
Your flesh is cold resistant. (rC+)
You are immune to negative energy. (rN+++)
You are immune to unholy pain and torment.
You can survive without breathing.


Message History

The adder misses you.
You miss the adder.
The adder is heavily wounded.
The adder bites you but does no damage.
You barely miss the adder.
The adder is heavily wounded.
The adder bites you but does no damage. The adder barely misses you.
You miss the adder.
The adder is moderately wounded.
The adder bites you.
* * * LOW HITPOINT WARNING * * *
Casting: Magic Dart
Confirm with . or Enter, or press ? or * to list all spells.
Aiming: Magic Dart
Press: ? - help, Shift-Dir - straight line, f/p - adder
Aim: an adder (moderately wounded)
The magic dart hits the adder.
The adder is heavily wounded.
The adder bites you.
You die...

...!.. ....... .....#
....... .....## # ##.$.....
......# #. #.....>..
......#########..##...$....
.........##...##...........
...............####........
#...............##(........
####.<..........@Sg.)......
#............##.##......
##..........##..# .####.
##...##...##..## .#
#######......##..#
##..[_....... #...........
#..........?. #....⌠.._....


You could see an adder and a hobgoblin.

Vanquished Creatures
  2 dart slugs (D:1)
  A leopard gecko (D:1)
  3 bats (D:1)
  A giant cockroach (D:1)
  3 goblins (D:1)
  3 hobgoblins (D:1)
  2 kobolds (D:1)
  A quokka (D:2)
  A frilled lizard (D:1)
17 creatures vanquished.

Notes
Turn   | Place    | Note
-------+----------+-------------------------------------------
     0 | D:1      | Alarkh the Mummy Conjurer began the quest for the Orb.
     0 | D:1      | Reached XP level 1. HP: 13/13 MP: 4/4
   122 | D:1      | Reached XP level 2. HP: 19/19 MP: 0/6
   823 | D:2      | Found a basalt altar of Yredelemnul.
   826 | D:2      | Found a shadowy altar of Dithmenos.
   843 | D:2      | Found a deep blue altar of Sif Muna.
   876 | D:2      | Slain by an adder

Vault maps used:
D:1:      minmay_arrival_stair_chambers
D:2:      grunt_temple_overflow_open, first_bread,
          chequers_ecumenical_altar_island, serial_curves, eino_curves_02,
          eino_curves_01, uniq_robin

Skill      XL: |  1 |
---------------+----+-----
Spellcasting   | 3 |  3.6
Dodging        | |  1.5
Stealth        | |  1.5
Conjurations   | |  3.6

Action                   || total
-------------------------++-------
Melee: Unarmed           ||     4
       Dagger            ||    20
 Cast: Magic Dart        ||    43
Armor: Robe              ||     5
Dodge: Dodged            ||    25
